 Dungeon Crawl Stone Soup version 0.31.0-12-g77e489cdc1 (webtiles) character file.

Game seed: 16552856477425166190

54 H0rd4k the Charlatan (level 3, 0/24 HPs)
             Began as an Octopode Artificer on Feb 27, 2024.
             Succumbed to an adder's poison
             ... on level 2 of the Dungeon.
             The game lasted 00:00:43 (550 turns).

H0rd4k the Charlatan (Octopode Artificer)            Turns: 550, Time: 00:00:43

Health: 0/24       AC:  1    Str: 11    XL:     3   Next: 91%
Magic:  3/3        EV: 13    Int: 15    God:
Gold:   22         SH:  0    Dex: 12    Spells: 2/2 levels left

rFire   x .          .
                       - Unarmed
rCold   + . .        (no shield)
rNeg    . . .        (helmet restricted)
rPois   .            (no amulet)
rElec   .            a - ring of ice
rCorr   .            (no ring)
SInv    .            (no ring)
Will    .....        (no ring)
Stlth   +++          (no ring)
HPRegen 0.24/turn    (no ring)
MPRegen 0.08/turn    (no ring)
                     (no ring)

%: no passive effects
@: lethally poisoned (0 -> -6)
A: almost no armour, amphibious, 8 rings, camouflage 1, gelatinous body 1,
(nimble swimmer 1), tentacles
a: no special abilities


You were on level 2 of the Dungeon.
You visited 1 branch of the dungeon, and saw 2 of its levels.

You collected 22 gold pieces.

Inventory:

Jewellery
 a - a ring of ice (left tentacle)
 i - a ring of resist corrosion
Talismans
 e - a storm talisman
 g - a maw talisman
Wands
 b - a wand of flame (15) (quivered)
 c - a wand of charming (15)
 d - a wand of iceblast (5)
Scrolls
 f - a scroll of teleportation {unknown}
 h - a scroll of enchant armour {unknown}
 j - a scroll of fear {unknown}


   Skills:
 + Level 2.1 Fighting
 - Level 2.3 Dodging
 - Level 1.3 Stealth
 + Level 2.7 Unarmed Combat
 - Level 3.2 Evocations


You had 2 spell levels left.
You didn't know any spells.
Your spell library was empty.

Dungeon Overview and Level Annotations

Branches:
Dungeon (2/15)

Altars:


Innate Abilities, Weirdness & Mutations

You cannot wear most types of armour.
You are amphibious.
You can wear up to eight rings at the same time.
Your skin changes colour to match your surroundings (Stealth+).
Your rubbery body absorbs attacks. (AC +1, EV +1)
((You are camouflaged when in or above water. (Stealth+)))
You have tentacles for arms and can constrict up to eight enemies at once.


Message History

The adder bites you.
You tentacle-slap the adder but do no damage.
Your grab misses the adder. The adder barely misses you.
You miss the adder. Your grab misses the adder. You tentacle-slap the adder.
The adder is moderately wounded.
The adder bites you.
You closely miss the adder. You grab the adder.
The adder is moderately wounded.
You constrict the adder, but do no damage.
The adder bites you.
You are poisoned.
The adder poisons you!
You barely miss the adder.
The adder is moderately wounded.
You constrict the adder, but do no damage.
You feel sick. The adder bites you.
You are lethally poisoned!
The adder poisons you! The adder barely misses you.
You tentacle-slap the adder.
The adder is moderately wounded.
You constrict the adder.
You feel very sick. The adder bites you.
* * * LOW HITPOINT WARNING * * *
You tentacle-slap the adder.
The adder is almost dead.
You constrict the adder.
You kill the adder!
* * * LOW HITPOINT WARNING * * *
You feel sick.
* * * LOW HITPOINT WARNING * * *
You feel sick.
The dart slug bites you but does no damage.
Things that are here:
an adder corpse; an adder corpse You aren't carrying any potions.
You tentacle-slap the dart slug. You grab the dart slug.
The dart slug is severely wounded.
You constrict the dart slug.
You die...

#.#..........######....#
#.#..........##........#
#.'...........+........#
###..........##........#
#..........##........#
#..........########'##
#...?......########.##
#....######.#.........
###.#@....# .######.##
#.w..##?# #.# ###...#
#.# ####.# #.# #.# #.#
#.. #.# #.. #.# ##


You could see a dart slug.

Vanquished Creatures
  4 adders (D:2)
  A ribbon worm (D:2)
  A bat (D:2)
  2 endoplasms (D:2)
  A giant cockroach (D:2)
  A goblin (D:2)
  3 hobgoblins (D:2)
  2 jackals (D:2)
  A frilled lizard (D:2)
16 creatures vanquished.

Notes
Turn   | Place    | Note
-------+----------+-------------------------------------------
     0 | D:1      | H0rd4k the Octopode Artificer began the quest for the Orb.
     0 | D:1      | Reached XP level 1. HP: 13/13 MP: 1/1
    20 | D:1      | You fall into a shaft and drop 1 floor!
   119 | D:2      | Reached XP level 2. HP: 18/18 MP: 2/2
   151 | D:2      | Reached skill level 1 in Unarmed Combat
   422 | D:2      | Reached XP level 3. HP: 15/24 MP: 3/3
   550 | D:2      | Succumbed to an adder's poison

Illustrated notes

Levels and vault maps discovered:
D:1:      doesnt_arrival_eight_statues, layout_basic, serial_shops,
          nicolae_shop_tiny_glass, minmay_shallow_snake_nest
D:2:      layout_basic, minmay_cut_off

Skill      XL: |  1  2  3 |
---------------+----------+-----
Unarmed Combat | 2 |  2.7
Fighting       | 2 |  2.1
Dodging        | |  2.3
Stealth        | |  1.3
Evocations     | |  3.2

Action                     || total
---------------------------++-------
  Melee: Unarmed           ||    48
         Tentacles         ||    15
         Constrict         ||    15
         Punch             ||     1
 Armour: Skin              ||    18
  Dodge: Dodged            ||    30
